 Dungeon Crawl Stone Soup version 0.28-a0-906-g0406aca7d3 (webtiles) character file.

Game seed: 17770582281784344962

1843 kae the Ruffian (level 8, -2/99 HPs)
             Began as a Pale Draconian Transmuter on Nov 23, 2021.
             Was an Initiate of Qazlal.
             Slain by a vampire (9 damage)
             ... on level 6 of the Dungeon.
             The game lasted 00:06:16 (8363 turns).

kae the Ruffian (Pale Draconian Transmuter)         Turns: 8363, Time: 00:06:17

Health: -2/99      AC: 10    Str: 14    XL:     8   Next: 87%
Magic:  0/13       EV: 17    Int: 15    God:    Qazlal [......]
Gold:   510        SH:  0    Dex: 11    Spells: 6/14 levels left

rFire   . . .      SeeInvis .     - Unarmed
rCold   . . .      Faith    .   (no shield)
rNeg    . . .      Spirit   +   (armour unavailable)
rPois   .          Reflect  .   (helmet currently unavailable)
rElec   .          Harm     .   (no cloak)
rCorr   .          Rampage  .   (no gloves)
Will    .....                   (boots currently unavailable)
Stlth   ..........              g - amulet of guardian spirit
HPRegen 0.26/turn               b - +4 ring of protection
MPRegen 0.13/turn               j - +4 ring of evasion

@: berserking (expiring), appendages (expiring), very slightly contaminated,
very quick
A: horns 2, talons 2, breathe steam, AC +6, unfitting armour, cold-blooded,
steam resistance
a: Breathe Steam, End Transformation, Renounce Religion


You were on level 6 of the Dungeon.
You worshipped Qazlal.
Qazlal was noncommittal.
You had temporarily grown beastly horns and talons.
You visited 2 branches of the dungeon, and saw 7 of its levels.

You collected 510 gold pieces.

Inventory:

Jewellery
 b - a +4 ring of protection (left hand)
 e - a +4 ring of protection
 g - an amulet of guardian spirit (around neck)
 j - a +4 ring of evasion (right hand)
 l - an amulet of the acrobat
Wands
 h - a wand of flame (4)
Scrolls
 a - 2 scrolls of enchant weapon
 f - a scroll of amnesia
 k - a scroll of identify
 n - a scroll of magic mapping
Potions
 c - 2 potions of curing
 d - a potion of cancellation
 i - 3 potions of berserk rage
 m - a potion of attraction


   Skills:
 + Level 4.1 Fighting
 + Level 3.7 Dodging
 * Level 6.1 Unarmed Combat
 + Level 3.9 Spellcasting
 * Level 5.5 Transmutations
 * Level 4.3 Ice Magic
 - Level 2.0 Poison Magic
 + Level 2.4 Invocations


You had 6 spell levels left.
You knew the following spells:

 Your Spells              Type           Power      Damage    Failure   Level
a - Beastly Appendage     Tmut           38%        N/A       1%          1
b - Spider Form           Tmut/Pois      14%        N/A       12%         3
c - Ice Form              Ice/Tmut       17%        N/A       24%         4

Your spell library contained the following spells:

 Spells                   Type           Power      Damage    Failure   Level
 Wereblood                Tmut           19%        N/A       2%          2
 Ensorcelled Hibernation  Hex/Ice        18%        N/A       12%         2
 Foxfire                  Conj/Fire      8%         2x1d4     19%         1
 Call Canine Familiar     Summ           2%         N/A       50%         3
 Portal Projectile        Hex/Tloc       4%         N/A       50%         3
 Tukima's Dance           Hex            2%         N/A       50%         3
 Hailstorm                Conj/Ice       9%         3d4       58%         4
 Leda's Liquefaction      Hex/Erth       1%         N/A       88%         4
 Simulacrum               Ice/Necr       4%         N/A       100%        6
 Chain Lightning          Conj/Air       1%         3d1       100%        9
 Fire Storm               Conj/Fire      1%         7d1       100%        9
 Shatter                  Erth           1%         3d5*      100%        9


Dungeon Overview and Level Annotations

Branches:
Dungeon (6/15)             Temple (1/1) D:4

Altars:
Ashenzari
Cheibriados
Dithmenos
Elyvilon
Fedhas
Gozag
Hepliaklqana
Kikubaaqudgha
Makhleb
Nemelex Xobeh
Okawaru
Qazlal
Ru
Sif Muna
Trog
Uskayaw
Vehumet
Wu Jian
Xom
Yredelemnul
Zin
The Shining One

Annotations:
D:3 1 runed translucent door, sn0wgr3's ghost, amateur MiFi
D:4 2 transporters


Innate Abilities, Weirdness & Mutations

You have temporarily grown beastly horns and talons.
You can breathe blasts of scalding, opaque steam.
Your pale cyan-grey scales are hard. (AC +6)
You cannot fit into any form of body armour.
You are cold-blooded and may be slowed by cold attacks.
You are immune to the effects of steam.


Message History

Something hits you but does no damage. Something bites you but does no damage.
You hit something but do no damage. Your kick misses something.
Something hits you. Something bites you.
Something draws strength from your injuries!
Okay, then.
A red film seems to cover your vision as you go berserk!
You feel yourself moving faster!
You feel mighty!
Your transformation is almost over.
The shadow imp gestures at you. Pain shoots through your body!
Something hits you. Something bites you!
* * * LOW HITPOINT WARNING * * *
Something draws strength from your injuries!
You hit something. You claw something. You headbutt something.
Your tail-slap misses something.
You punch something. You hit something. Your kick misses something.
Your headbutt misses something.
Your tail-slap misses something.
Something hits you but does no damage. Something bites you.
* * * LOW HITPOINT WARNING * * *
Something draws strength from your injuries!
You closely miss something.
The shadow imp hits you but does no damage.
You closely miss something. You claw something. You tail-slap something.
Something closely misses you. Something bites you.
* * * LOW HITPOINT WARNING * * *
Something draws strength from your injuries!
You miss something. You claw something. The shadow imp misses you.
Something draws life force from you!
* * * LOW HITPOINT WARNING * * *
You miss something. You tail-slap something. The shadow imp hits you.
* * * LOW HITPOINT WARNING * * *
You hit something but do no damage. You claw something. You headbutt something.
Your tail-slap misses something.
Something hits you but does no damage. Something bites you.
* * * LOW HITPOINT WARNING * * *
Something draws strength from your injuries!
You miss something. You claw something.
The shadow imp hits you but does no damage.
You barely miss something. Your headbutt misses something.
Your tail-slap misses something.
Something hits you!
You die...

#.#.## #.# #..... #.#
#.....##.# #.....#..# ##
#......### # #. #........# #.
#. #.....##.######
#..#.##############.##......#
#............{@5.#.##......#
#..#.###########...........#
#........# ###.#.......#
#.#..###.....####..##......#
# .... ##......###......#
..... ######## #......#
......# #.....># ........
#.<....# ........# #......#


You could see a shadow imp.

Vanquished Creatures
  Pikel (D:5)
  An orc warrior (D:6)
  2 black bears (D:5)
  2 necrophages
  2 lemures (D:5)
  3 kobold brigands (D:3)
  A howler monkey (D:6)
  A vampire bat (D:3)
  A hound (D:5)
  A jelly (D:5)
  An orc priest (D:6)
  Jessica (D:2)
  A bullfrog skeleton (D:5)
  2 iguanas (D:5)
  Natasha (thrice) (D:4)
  16 gnolls
  10 adders
  An ufetubus (D:5)
  3 worms (D:2)
  2 dart slugs
  5 orcs (D:6)
  10 bats
  6 endoplasms
  4 giant cockroaches
  12 hobgoblins
  2 quokkas (D:3)
  4 ball pythons
  4 frilled lizards
  2 goblins
  50 kobolds
  5 rats
159 creatures vanquished.

Notes
Turn   | Place    | Note
-------+----------+-------------------------------------------
     0 | D:1      | kae the Draconian Transmuter began the quest for the Orb.
     0 | D:1      | Reached XP level 1. HP: 16/16 MP: 3/3
   168 | D:1      | Reached XP level 2. HP: 7/23 MP: 3/5
  1063 | D:2      | Reached XP level 3. HP: 29/29 MP: 4/6
  1067 | D:2      | Learned a level 3 spell: Spider Form
  1723 | D:2      | Noticed Jessica
  1731 | D:2      | Killed Jessica
  1732 | D:2      | Reached XP level 4. HP: 21/36 MP: 5/7
  2152 | D:2      | Reached skill level 1 in Poison Magic
  2699 | D:3      | Found a shimmering altar of Xom.
  2752 | D:3      | Found a runed translucent door.
  2759 | D:3      | Noticed sn0wgr3's ghost (amateur MiFi)
  2935 | D:3      | Reached XP level 5. HP: 41/41 MP: 6/8
  3013 | D:3      | Found a faded altar of an unknown god.
  3018 | D:3      | Got Plato's Reference Book on Fire
  3106 | D:3      | Reached skill level 4 in Unarmed Combat
  3161 | D:3      | Learned a level 4 spell: Ice Form
  3426 | D:3      | Reached skill level 1 in Ice Magic
  3426 | D:3      | Reached XP level 6. HP: 36/49 MP: 7/10
  3958 | D:3      | Your scales start taking on a pale cyan-grey colour.
  3958 | D:3      | Reached XP level 7. HP: 26/56 MP: 6/11
  3958 | D:3      | Gained mutation: You are immune to the effects of steam.
                  | [Pale Draconian growth]
  4531 | D:4      | Noticed Natasha
  4538 | D:4      | Killed Natasha
  4714 | D:4      | Found a staircase to the Ecumenical Temple.
  4756 | D:4      | Found a transporter.
  4778 | D:4      | Found a transporter.
  4857 | D:4      | Noticed Natasha
  4883 | D:4      | Killed Natasha
  5153 | Temple   | Entered the Ecumenical Temple
  5272 | Temple   | Became a worshipper of Qazlal Stormbringer
  5419 | D:4      | Noticed Natasha
  5427 | D:4      | Killed Natasha
  5428 | D:4      | Reached skill level 5 in Unarmed Combat
  5529 | D:5      | Entered Level 5 of the Dungeon
  5826 | D:4      | Found a transporter.
  5832 | D:4      | Found a transporter.
  6084 | D:4      | Found a staircase to the Ecumenical Temple.
  6277 | D:4      | Found a transporter.
  6283 | D:4      | Found a transporter.
  6557 | D:4      | Found a staircase to the Ecumenical Temple.
  6755 | D:5      | Noticed Pikel
  6769 | D:5      | Killed Pikel
  6770 | D:5      | Reached skill level 1 in Invocations
  6770 | D:5      | Reached XP level 8. HP: 27/64 MP: 5/13
  7034 | D:5      | Reached skill level 5 in Transmutations
  8005 | D:6      | Reached skill level 6 in Unarmed Combat
  8363 | D:6      | Slain by a vampire

Illustrated notes

Levels and vault maps discovered:
D:1:      saegor_arrival_simple_d, layout_rooms, serial_bayou_pond_c,
          kennysheep_boxes
D:2:      layout_basic, serial_rivers, chequers_serial_rivers_room_b,
          chequers_serial_rivers_small_a, chequers_serial_rivers_large_a,
          chequers_serial_rivers_small_3, chequers_serial_rivers_small_b,
          chequers_serial_rivers_micro_d, uniq_jessica
D:3:      minmay_goblin_kobold_castle, layout_basic,
          mainiacjoe_overflow_small_starburst,
          shapermc_ecumenical_altar_rom_forum, ebering_ghost_reflecting_pool,
          serial_corexii_hall, chequers_hall_statues_y,
          chequers_hall_statues_wall_a, nrook_mini_vaults, roderic_batcave,
          corexii_hall_statues_l, hangedman_decor_lopped
D:4:      gammafunk_wand_slinger, layout_loops_ring, minmay_temple_entry_trees,
          minmay_misc_feat_roman, feat_on_display, uniq_natasha
D:5:      layout_basic, minmay_statues_item, uniq_pikel
D:6:      minmay_angry_zag, layout_rooms, uniq_edmund
Temple:   kilobyte_greek_temple

Skill      XL: |  1  2  3  4  5  6  7  8 |
---------------+-------------------------+-----
Dodging        | 2 3 |  3.7
Fighting       | 2 3 4 |  4.1
Poison Magic   | 1 2 |  2.0
Transmutations | 3 4 5 |  5.5
Unarmed Combat | 4 5 6 |  6.1
Ice Magic      | 1 3 4 |  4.3
Spellcasting   | 3 |  3.9
Invocations    | 1 2 |  2.4

Action                   |  1- 3 |  4- 6 |  7- 9 || total
-------------------------+-------+-------+-------++-------
Melee: Unarmed           |   108 |   239 |   157 ||   504
       Tailslap          |    13 |     5 |     5 ||    23
       Headbutt          |    12 |     6 |     3 ||    21
       Kick              |     9 |    17 |     7 ||    33
       Punch             |       |     1 |     2 ||     3
 Cast: Beastly Appendage |    20 |    20 |     2 ||    42
       Spider Form       |       |    13 |    19 ||    32
       Ice Form          |       |       |     2 ||     2
 Abil: Breathe Steam     |       |       |     4 ||     4
  Use: Scroll            |     3 |     2 |     7 ||    12
       Potion            |     2 |       |     2 ||     4
Armor: Skin              |    35 |    91 |    30 ||   156
Dodge: Dodged            |    70 |   236 |   145 ||   451

Table legend: (Time is in decaauts)
 A = Elapsed time spent in this place.
 B = Non-inter-level travel time spent in this place.
 C = Inter-level travel time spent in this place.
 D = Time resting spent in this place.
 E = Time spent auto-exploring this place.
 F = Levels seen in this place.
 G = Mean time per level.
                   A        B        C        D        E       F      G
               +--------+--------+--------+--------+--------+-----+--------+
         Total |   8380 |   8086 |    294 |     10 |   6854 |   7 | 1197.1 |
       Dungeon |   8230 |   7966 |    264 |     10 |   6757 |   6 | 1371.7 |
        Temple |    149 |    120 |     29 |      0 |     97 |   1 |  149.0 |
               +--------+--------+--------+--------+--------+-----+--------+

Top non-repeatable levels by time:
     D:4: 2066 daAuts
     D:3: 1959 daAuts
     D:2: 1511 daAuts
     D:5: 1280 daAuts
     D:1: 1053 daAuts
     D:6: 358 daAuts
  Temple: 149 daAuts
